[Event "SixDays Budapest March GM-A 2023"]
[Site "Budapest"]
[Date "2023.03.27"]
[Round "6.1"]
[White "Rosh Jain"]
[Black "Arfan, Aditya Bagus"]
[Result "0-1"]
[ECO "B11"]
[WhiteElo "2325"]
[BlackElo "2374"]
[Annotator "TA"]
[PlyCount "104"]
[EventDate "2023.03.24"]
[EventType "tourn"]
[EventCountry "HUN"]
[SourceTitle "playchess.com"]
[Source "ChessBase"]
[SourceQuality "1"]
[TimeControl "5400+30"]

1. e4 c6 2. Nc3 d5 3. Nf3 Bg4 4. h3 Bxf3 5. Qxf3 e6 6. Be2 Nd7 {[%emt 0:00:14] B11: Caro-Kann: Two Knights Variation.} 7. d4 dxe4 8. Nxe4 Ngf6 {[%emt 0:00:08] White is slightly better.} 9. O-O Nxe4 10. Qxe4 Nf6 11. Qd3 Bd6 12. Bg5 O-O {[%emt 0:00:07] [#]} 13. Rad1 $146 ({Predecessor:} 13. c4 Be7 14. Rad1 Qc7 15. Qe3 Rad8 16. a3 Rfe8 17. Bf3 b5 18. Rc1 Qb6 19. Qb3 {1-0 Dimitrov,R (2437)-Chunchukov,I (1777) Plovdiv Tringov Memorial 34th 2012 (1)}) 13... h6 14. Bh4 Re8 15. Qf3 Be7 (15... Bc7 {seems wilder.} 16. Rfe1 Qd6 17. Bd3 Qd5) 16. Bxf6 Bxf6 17. c3 Qb6 18. b3 Rad8 19. Bd3 Qa5 20. Bb1 Rd7 21. Rd3 Red8 22. Rfd1 c5 23. dxc5 Rxd3 24. Rxd3 Rxd3 25. Qxd3 Qxc5 $11 {[%emt 0:01:47][%mdl 4096] Endgame KQB-KQB} (25... Qxc3 {simplifies} 26. Qxc3 Bxc3 27. Be4 Bb4) 26. c4 g6 {[%emt 0:01:44] Active counter play!} 27. Qe3 Bd4 28. Qe2 Kg7 29. Bd3 Qd6 30. Be4 b6 31. Qf3 Qa3 32. Qd1 {[%emt 0:01:20] Against Qc1} Qb2 33. Qc2 Qa1+ 34. Qb1 $1 Qc3 {[%emt 0:00:09] White must now prevent ...Qd2.} 35. Kf1 f5 36. Bd3 Bc5 37. g3 Qd4 38. Qc2 e5 $36 {[%emt 0:01:21][%cal Be6e5,Be5e4][%mdl 2080] ...e4 is the strong threat. Black is more active.} 39. Kg2 (39. Qe2 $15) 39... e4 $17 40. Bf1 g5 (40... a5 $142 {Threatens to win with ...g5.} 41. Qe2 g5) 41. a3 $2 {[%emt 0:08:09][%mdl 8192] [#] Now White is beyond hope.} f4 $1 $19 ({Not} 41... Bxa3 42. Qa2 Qb2 43. Qxb2+ Bxb2 44. f3 $17) 42. b4 {[%emt 0:04:24] [#]} f3+ $1 43. Kg1 Bd6 $2 (43... e3 {( -> ...e2)} 44. Qf5 e2 {[%mdl 64] Trapped Piece} 45. Qxf3 e1=Q 46. bxc5 Qxc4 47. Qb7+ Kg6 48. Qc6+ Qce6 49. Qxe6+ Qxe6 50. cxb6 axb6) 44. Kh1 Kf6 45. Kg1 $2 (45. c5 bxc5 46. Qa2) 45... Bxg3 46. c5 Bb8 47. Qa4 {[%emt 0:06:17] Strongly threatening Qc6+.} Qe5 {[%emt 0:00:51][%csl Gb8][%cal Re5h2] Black mates.} 48. Qc6+ Ke7 49. Qb7+ Bc7 50. Bg2 Qh2+ 51. Kf1 fxg2+ 52. Ke2 g1=Q {[%emt 0:00:08] Weighted Error Value: White=0.44/Black=0.11 (very precise)} 0-1

[Event "SixDays Budapest March GM-A 2023"]
[Site "Budapest"]
[Date "2023.03.27"]
[Round "6.2"]
[White "Pap, Misa"]
[Black "Sammed Jaykumar, Shete"]
[Result "1/2-1/2"]
[ECO "B30"]
[WhiteElo "2403"]
[BlackElo "2454"]
[Annotator "TA"]
[PlyCount "37"]
[EventDate "2023.03.24"]
[EventType "tourn"]
[EventCountry "HUN"]
[SourceTitle "playchess.com"]
[Source "ChessBase"]
[SourceQuality "1"]
[TimeControl "5400+30"]

1. e4 c5 2. Nf3 Nc6 3. c3 Nf6 4. e5 Nd5 5. Bc4 Nb6 6. Bb3 c4 7. Bc2 g6 8. O-O {[%emt 0:03:27] B22: Sicilian: 2 c3.} Bg7 9. Re1 {[%emt 0:01:10] 9.Qe2 is the fancy move.} d6 10. exd6 Qxd6 11. d4 cxd3 12. Qxd3 Qxd3 {[%emt 0:02:53] [#] An uneventful encounter.   Weighted Error Value: White=0.11 (very precise) /Black=0.00 (flawless)} {Predecessor:} 13. Bxd3 $146 O-O 14. Be3 Na4 15. Bb5 Nxb2 16. Bc1 a6 17. Bxc6 Nd3 18. Rd1 Nxc1 19. Bxb7 {0-1 Wosztyl,E-Kolanek,R (2279) POL-ch66 q-MZP3 email 2019} 1/2-1/2

[Event "SixDays Budapest March GM-A 2023"]
[Site "Budapest"]
[Date "2023.03.27"]
[Round "6.3"]
[White "Horvath, Adam"]
[Black "Bodi, Tibor"]
[Result "1/2-1/2"]
[ECO "C50"]
[WhiteElo "2458"]
[BlackElo "2356"]
[Annotator "TA"]
[PlyCount "86"]
[EventDate "2023.03.24"]
[EventType "tourn"]
[EventCountry "HUN"]
[SourceTitle "playchess.com"]
[Source "ChessBase"]
[SourceQuality "1"]
[TimeControl "5400+30"]

1. e4 Nc6 2. Nf3 e5 3. Bc4 Bc5 4. d3 Nf6 5. O-O d6 6. c3 Qe7 7. b4 Bb6 8. a4 a5 9. b5 Nd8 10. Re1 {[%emt 0:09:42] C54: Giuoco Piano: 4 c3 Nf6, main lines with 5 d4 and 5 d3.} Bg4 11. Nbd2 Ne6 12. Nf1 {[%emt 0:00:19] [#] White is slightly better.} O-O-O $146 ({Predecessor:} 12... O-O 13. Ng3 Rae8 14. h3 Bxf3 15. Qxf3 Nd7 16. Nf5 Qf6 17. Qg3 Qg6 18. Qh4 Qf6 {1-0 Biryukova,A-Jacobsen,C Wch U12 Girls 2009 (9)}) 13. Be3 Nc5 (13... Nd7 $1 $11 {remains equal.}) 14. h3 $16 Bh5 15. Ng3 Bg6 16. Qd2 Kb8 17. Qa2 Qd7 18. Rad1 Rhe8 19. Qa3 Qe7 20. Nh4 d5 21. Nhf5 (21. Nxg6 $11 hxg6 22. exd5) 21... Qf8 $15 22. exd5 Nxd5 23. Bc1 (23. Bxc5 $15 Bxc5 24. Qc1) 23... Ne7 $1 $17 24. Nxe7 Rxe7 (24... Bxd3 $17 25. Bxd3 Nxd3 26. Rxd3 Rxd3) 25. Be3 ({White should play} 25. d4 $15 exd4 26. Rxe7 Qxe7 27. cxd4) 25... Red7 (25... Nxd3 $17 26. Bxd3 Bxd3) 26. d4 $15 h6 (26... f5 $5 27. f4 (27. dxc5 $2 Rxd1 28. Rxd1 Rxd1+ 29. Nf1 f4 $19) 27... exd4 28. Bxd4 Ne6 29. Qxf8 Nxf8 $15) 27. Kh2 (27. dxc5 $2 Rxd1 28. Rxd1 Rxd1+ 29. Bf1 Re1 $19) 27... h5 28. f4 (28. dxc5 $2 Rxd1 29. Rxd1 Rxd1 $19) (28. f3 $11 {keeps the balance.}) 28... h4 29. Ne2 exd4 30. Nxd4 Rd6 (30... Qe7 $17 31. Bc1 Be4) 31. Bf2 Qh8 $1 32. f5 {[%emt 0:00:49] [#]} (32. Be3 $15) 32... Bxf5 $1 $17 {[%emt 0:01:49][%mdl 576] Threatens to win with ...Ne4. Pin} 33. Re5 (33. Nxf5 $2 {perishes.} Rxd1 34. Rxd1 Rxd1 $19) 33... Be6 (33... Bc8 $17 {Hoping for ...Nd7.} 34. Rxc5 Rf6) 34. Rxc5 $11 {[%emt 0:00:31][%cal Oc4e6] And now Bxe6! would win.} Bxc5 $2 (34... Qf8 $1 $11) 35. Qxc5 $18 {[%emt 0:00:04][%cal Od4e6] White wants to mate with Nxe6!} b6 36. Qe5 {[%emt 0:01:24][%mdl 8192] White is much more active.} (36. Nc6+ $16 {stays on course.} Ka8 37. Qe5 (37. Rxd6 Rxd6 38. Qe5 Bxc4 $11) 37... Bxc4 38. Qe7) 36... Bxc4 $19 37. Nc6+ {[%emt 0:00:35] [#]} Rxc6 $1 38. Rxd8+ Qxd8 39. bxc6 {[%emt 0:00:05] KQB-KQB} f6 ({Better is} 39... Kc8 40. Bd4 Bd5 41. Qf5+ Kb8) 40. Qf4 $17 {[%emt 0:00:31] Black is better.} Qd3 41. Qxh4 {[%emt 0:00:47] Qh8+ would be deadly.} Qd6+ (41... Qxc3 $2 42. Qh8+ $18) 42. Bg3 {[%emt 0:00:05] Qh8+ would kill now.} Qxc6 {[%emt 0:01:00] ...Bf1 is the strong threat.} 43. Qh8+ Kb7 {[%emt 0:00:29] Weighted Error Value: White=0.34/Black=0.23 (precise)} 1/2-1/2

[Event "SixDays Budapest March GM-A 2023"]
[Site "Budapest"]
[Date "2023.03.27"]
[Round "6.4"]
[White "Kushagra Mohan"]
[Black "Pfreundt, Jakob"]
[Result "0-1"]
[ECO "C02"]
[WhiteElo "2396"]
[BlackElo "2407"]
[Annotator "TA"]
[PlyCount "84"]
[EventDate "2023.03.24"]
[EventType "tourn"]
[EventCountry "HUN"]
[SourceTitle "playchess.com"]
[Source "ChessBase"]
[SourceQuality "1"]
[TimeControl "5400+30"]

1. e4 e6 2. d4 d5 3. e5 c5 4. c3 Nc6 5. Nf3 Bd7 6. Be2 Nge7 7. Na3 cxd4 8. cxd4 Nf5 9. Nc2 Be7 {[%emt 0:00:17] is the new trend.} 10. O-O {[%emt 0:00:33] C02: French: Advance Variation.} O-O 11. Bd3 f6 12. Bf4 {[%emt 0:00:21] The position is equal.} fxe5 13. Nxe5 Rc8 14. Nxc6 Rxc6 15. Be5 Be8 16. Bxf5 Rxf5 17. Ne3 Rf8 18. Qg4 {[%emt 0:02:27][%csl Ge5][%cal Rg4g7] [#]} Bg6 $146 ({Predecessor:} 18... Bf6 19. Qg3 Bxe5 20. Qxe5 Qf6 21. Qxf6 gxf6 22. Rac1 Bd7 23. f4 Rfc8 24. Rcd1 Ra6 {1-0 Iskandarov,M (2601)-Lupulescu,C (2603) Geoagiu Bai Hunedoara op 2022 (4)}) 19. Rac1 Qc8 20. Rxc6 Qxc6 21. h4 {[%emt 0:01:37][%cal Bh2h4,Bh4h5][%mdl 32] Threatens to win with h5.} Rf7 22. h5 Bf5 23. Nxf5 exf5 24. Qf3 Bg5 25. g3 Qe6 26. Rd1 Rf8 27. Rd3 Rc8 28. Kg2 Rc4 ({Black should try} 28... b5 $14) 29. Ra3 (29. Rb3 $1 $16 ) 29... a6 $11 30. Ra5 b5 31. b3 Rc8 {[%emt 0:02:55] ...Bd2 would be deadly.} 32. b4 $1 Be7 33. Ra3 Bxb4 34. Re3 {[%emt 0:00:00][%cal Oe5g7] Strongly threatening Bxg7!} Qf7 35. h6 g5 36. Bg7 Bd6 {[%emt 0:00:09] Dodges Re5} 37. g4 f4 38. Re2 b4 39. Qb3 {[%emt 0:01:40] [#]} (39. Re1 $1 $11) 39... f3+ $1 $17 {[%emt 0:00:50][%mdl 64] Decoy} 40. Qxf3 Qxf3+ 41. Kxf3 Rc3+ 42. Re3 $2 {[%emt 0:01:09][%mdl 8192] [#]} (42. Kg2 $17 Kf7 43. Kf1 (43. Be5 Be7 $17)) 42... Bf4 $1 {[%emt 0:01:24][%mdl 64] Pin.   Weighted Error Value: White=0.29 (precise) /Black=0.07 (flawless)} 0-1

[Event "SixDays Budapest March GM-A 2023"]
[Site "Budapest"]
[Date "2023.03.27"]
[Round "6.5"]
[White "Leszko, Bence"]
[Black "Berczes, David"]
[Result "1/2-1/2"]
[ECO "B10"]
[WhiteElo "2283"]
[BlackElo "2427"]
[Annotator "TA"]
[PlyCount "22"]
[EventDate "2023.03.24"]
[EventType "tourn"]
[EventCountry "HUN"]
[SourceTitle "playchess.com"]
[Source "ChessBase"]
[SourceQuality "1"]
[TimeControl "5400+30"]

1. e4 c6 2. Nf3 d5 3. d3 dxe4 4. dxe4 Qxd1+ 5. Kxd1 Nf6 6. Nbd2 {[%emt 0:00:14] B10: Caro-Kann: 2 d3 and 2 c4.} Nbd7 7. Ne1 Nc5 8. f3 {[%emt 0:00:09] [#]} Be6 $146 ({Predecessor:} 8... g6 9. a4 Bg7 10. c3 Be6 11. Kc2 Bh6 12. b4 Bxd2 13. Bxd2 Nb3 14. Rb1 Nxd2 15. Kxd2 {½-½ Papp,G (2599)-Dreev,A (2637) EU-Cup 36th Struga 2021 (3.3)}) 9. Nd3 Nxd3 10. Bxd3 O-O-O 11. Ke2 Nd7 {[%emt 0:14:42] An uneventful encounter.   Weighted Error Value: White=0.05 (flawless) /Black=0.07 (flawless)} 1/2-1/2

[Event "SixDays Budapest March GM-A 2023"]
[Site "Budapest"]
[Date "2023.03.28"]
[Round "7.1"]
[White "Berczes, David"]
[Black "Rosh Jain"]
[Result "1-0"]
[ECO "A46"]
[WhiteElo "2427"]
[BlackElo "2325"]
[Annotator "TA"]
[PlyCount "99"]
[EventDate "2023.03.24"]
[EventType "tourn"]
[EventCountry "HUN"]
[SourceTitle "playchess.com"]
[Source "ChessBase"]
[SourceQuality "1"]
[TimeControl "5400+30"]

1. d4 Nf6 2. Nf3 e6 3. Bf4 d5 4. e3 Bd6 5. Bxd6 Qxd6 6. c4 b6 {[%emt 0:01:30] D02: 1 d4 d5 2 Nf3 sidelines, including 2...Nf6 3 g3 and 2...Nf6 3 Bf4.} 7. Nc3 Bb7 8. Rc1 a6 {[%emt 0:01:57] Prevents Nb5. The position is equal.} 9. cxd5 exd5 10. g3 O-O 11. Bg2 Nbd7 12. O-O {[%emt 0:00:06] [#]} c5 $146 ({Predecessor:} 12... Rac8 13. Qa4 c5 14. dxc5 Nxc5 15. Qd4 Ne6 16. Qd2 b5 17. Ne2 Ne4 18. Qa5 N6c5 {0-1 Raznikov,D (2498)-Sadorra,J (2555) Southwest op 84th 2018 (5)}) 13. Nh4 Qe6 14. Ne2 g6 15. Nf4 Qd6 16. dxc5 bxc5 17. e4 Qb6 18. Nxd5 ({Don't play} 18. exd5 g5 19. Bh3 Bc8 $15) 18... Bxd5 19. exd5 Qxb2 20. d6 Rad8 21. Qa4 Qb5 22. Qa3 c4 23. Nf3 Nb6 $2 (23... Rfe8 $14) 24. Nd4 $18 Qa4 25. Qxa4 {[%emt 0:00:03][%mdl 64] [#] Remove Defender, Deflection} Nxa4 26. Rxc4 Nb6 (26... Nb2 $142 27. Rc6 Ne8) 27. Rc6 Nc8 28. Rxa6 {[%emt 0:00:35] Nb5 is the strong threat.} Nxd6 29. Nc6 Rd7 30. Ne5 Rdd8 31. Nc6 Rd7 32. Rd1 Nf5 33. Rxd7 Nxd7 34. Bh3 {[%emt 0:01:27] And now Bxf5 would win.} Re8 (34... Nb8 $142 35. Nxb8 Rxb8 36. Bxf5 gxf5) 35. Bxf5 gxf5 {[%emt 0:00:05][%mdl 4096] Endgame KRN-KRN} 36. Ra7 Nc5 37. Ne7+ Kg7 38. Nxf5+ Kg6 39. Ne3 Re4 40. Ra5 Nd3 41. Ra6+ Kh5 (41... f6 {is a better defense.} 42. Rd6 Ne5) 42. Rd6 Nc1 43. h4 Nxa2 44. Nd5 {[%emt 0:00:05] [#] Prevents Nc3. Nf6+ would be deadly.} Re1+ 45. Kg2 {[%emt 0:00:05] White wants to mate with Nf4+.} Kg4 46. Rf6 {[%emt 0:00:43] White mates.} Re2 47. Ne3+ Kh5 48. Kh3 Rxe3 49. fxe3 h6 50. g4# {[%emt 0:00:04] Weighted Error Value: White=0.09 (flawless) /Black=0.41} 1-0

[Event "SixDays Budapest March GM-A 2023"]
[Site "Budapest"]
[Date "2023.03.28"]
[Round "7.2"]
[White "Pfreundt, Jakob"]
[Black "Leszko, Bence"]
[Result "1/2-1/2"]
[ECO "C42"]
[WhiteElo "2407"]
[BlackElo "2283"]
[Annotator "TA"]
[PlyCount "85"]
[EventDate "2023.03.24"]
[EventType "tourn"]
[EventCountry "HUN"]
[SourceTitle "playchess.com"]
[Source "ChessBase"]
[SourceQuality "1"]
[TimeControl "5400+30"]

1. e4 e5 2. Nf3 Nf6 3. Nxe5 Nxe4 4. Qe2 Qe7 5. Qxe4 d6 6. d4 dxe5 7. dxe5 Nc6 {[%emt 0:00:04] C42: Petroff Defence: 3 Nxe5 and unusual White 3rd moves.} 8. Nc3 $1 {[%emt 0:00:57][%mdl 4] Nd5 is the strong threat. is recently more successful than 8.Bb5.} Qxe5 9. Qxe5+ Nxe5 {[%emt 0:00:14] White is slightly better.} 10. Nb5 Bb4+ 11. Bd2 Bxd2+ 12. Kxd2 {[%emt 0:00:07][%cal Oa1e1] [#] Strongly threatening Re1!} Kd8 13. Re1 f6 14. f4 Ng6 15. g3 Bd7 16. Nd4 c5 {[%emt 0:00:33] [#]} 17. Ne6+ Bxe6 18. Rxe6 Re8 $1 19. Rxe8+ Kxe8 $16 {[%emt 0:00:01][%mdl 4096] Endgame KRB-KRN} 20. Bg2 Rd8+ 21. Kc3 b6 22. Re1+ {[%emt 0:07:30] [#]} Ne7 $146 ({Predecessor:} 22... Kf8 23. Bf3 Ne7 24. Rd1 Rxd1 25. Bxd1 Nd5+ 26. Kd2 Ke7 27. Bf3 Kd6 28. c4 Ne7 {½-½ Legenia,A (2144)-Leruste,G (2193) Titled Tuesday intern op 16th Feb blitz 2021 (8)}) 23. Bf1 Rd4 24. Bb5+ Kd8 {[%emt 0:01:16] Hoping for ...Nd5+.} 25. b3 Nd5+ 26. Kb2 {[%emt 0:00:06] And now Re8+ would win.} Nc7 {[%emt 0:00:28] Dodges Re8+} 27. Bd3 h6 28. Re3 Nd5 29. Re2 Nc7 30. Bg6 Rd7 31. Bf5 Rd5 32. Be4 Rd6 33. h4 Ne6 {[%emt 0:02:35] The position is equal.} 34. Bg6 Nc7 35. a3 Rd7 36. Bf5 Rd5 37. Be4 Rd4 38. c3 Rd7 39. Bf5 Rd5 40. Bg6 Rd7 41. Bf5 Rd5 42. g4 Rd6 43. Kc2 {[%emt 0:02:56] Weighted Error Value: White=0.06 (flawless) /Black=0.03 (flawless)} 1/2-1/2

[Event "SixDays Budapest March GM-A 2023"]
[Site "Budapest"]
[Date "2023.03.28"]
[Round "7.3"]
[White "Bodi, Tibor"]
[Black "Kushagra Mohan"]
[Result "1/2-1/2"]
[ECO "B10"]
[WhiteElo "2356"]
[BlackElo "2396"]
[Annotator "TA"]
[PlyCount "44"]
[EventDate "2023.03.24"]
[EventType "tourn"]
[EventCountry "HUN"]
[SourceTitle "playchess.com"]
[Source "ChessBase"]
[SourceQuality "1"]
[TimeControl "5400+30"]

1. e4 c6 2. Nf3 d5 3. Nc3 dxe4 4. Nxe4 Nf6 5. Qe2 Nxe4 6. Qxe4 Qa5 {[%emt 0:00:04] B11: Caro-Kann: Two Knights Variation.} 7. Bc4 Bf5 8. Qf4 {[%emt 0:00:26][%cal Ob2b4] [#] aiming for b4!} e6 9. O-O Nd7 10. d3 {[%emt 0:01:02] [#]} O-O-O $146 ({Predecessor:} 10... Be7 11. Bd2 Qd8 12. Bc3 O-O 13. Rfe1 Nb6 14. Bb3 Nd5 15. Qg3 Nxc3 16. bxc3 Bd6 {1-0 Mamedov,R (2654)-Carlsen,M (2863) Katara Bullet Final blitz 2020 (2.8)}) 11. Qg3 Bg6 12. Bd2 Qf5 13. Rfe1 {[%emt 0:03:19] White is more active.} Nb6 14. Nh4 Qc5 15. b4 Qd4 (15... Qd6 {simplifies} 16. Bb3 Qxg3 17. fxg3 Nd5) 16. Nf3 Qd6 17. Bf4 (17. Bb3 {simplifies} Qxg3 18. hxg3 Nd5 19. a3) 17... Qxb4 18. Rab1 ({Don't play} 18. Bb8 Bd6 19. Bxd6 Qxd6 $15) 18... Qc5 19. Be3 ({Of course not} 19. Bb8 Bd6 20. Bxd6 Qxd6 $15) (19. Re5 $5 Qa3 20. Bb3 $15) 19... Qd6 20. Bf4 Qc5 21. Be3 Qd6 22. Bf4 Qc5 {[%emt 0:00:14] Weighted Error Value: White=0.10 (very precise) /Black=0.13 (very precise)} 1/2-1/2

[Event "SixDays Budapest March GM-A 2023"]
[Site "Budapest"]
[Date "2023.03.28"]
[Round "7.4"]
[White "Sammed Jaykumar, Shete"]
[Black "Horvath, Adam"]
[Result "0-1"]
[ECO "B30"]
[WhiteElo "2454"]
[BlackElo "2458"]
[Annotator "TA"]
[PlyCount "90"]
[EventDate "2023.03.24"]
[EventType "tourn"]
[EventCountry "HUN"]
[SourceTitle "playchess.com"]
[Source "ChessBase"]
[SourceQuality "1"]
[TimeControl "5400+30"]

1. e4 c5 2. Nf3 Nc6 3. c3 Nf6 4. e5 Nd5 5. Bc4 Nb6 6. Bb3 c4 7. Bc2 d6 8. exd6 Qxd6 9. O-O Bg4 {[%emt 0:00:04] B22: Sicilian: 2 c3.} 10. h3 Bh5 11. Re1 {[%emt 0:00:06] Against Ne5} O-O-O {[%emt 0:01:04] The position is equal.} 12. b3 {[%emt 0:00:46] is more profitable than 12.Be4 at the moment.} Qf6 $1 13. Na3 Nd5 {[%emt 0:00:31][%cal Od5c3] Threatens to win with ...Nxc3!} 14. Nxc4 (14. bxc4 $2 Nxc3 15. dxc3 Rxd1 16. Rxd1 Bxf3 17. gxf3 Qxf3 $19) 14... b5 {[%emt 0:00:40] [#]} 15. Ne3 $146 (15. Be4 $11 {keeps the balance.} bxc4 16. Qe2) ({Predecessor:} 15. Be4 bxc4 16. Qe2 Ne5 17. g4 Nf4 18. Qe3 Nxf3+ 19. Bxf3 Nxh3+ 20. Kg2 Rd3 21. Qc5+ {0-1 Kraus,T (2477)-Horvath,D (2483) Vienna GM Feb 2022 (8)}) 15... Nxc3 $1 $17 {[%emt 0:06:02] Black is more active.} 16. dxc3 (16. Bf5+ $17 Qxf5 17. Nxf5 Nxd1 18. Rxd1) 16... Rxd1 $19 17. Rxd1 {[%emt 0:32:57] Nd5 would be deadly.} Bxf3 (17... Qxc3 18. Bd2 Qf6 19. Be4 $18) 18. gxf3 Qxf3 (18... Qxc3 19. Bd2 Qe5 20. Rac1 $18) 19. a4 b4 (19... Qxh3 $2 20. Bf5+ $18 (20. axb5 e6 $16) (20. axb5 e6 $16)) 20. cxb4 {[%emt 0:02:00] [#]} e6 $1 {[%emt 0:08:00] Hoping for ...Be7.} (20... Qxh3 $2 21. Bf5+ $18) ({Don't do} 20... Nxb4 21. Bb2 h5 22. Rac1 $18) 21. Bd3 (21. Bb2 {keeps fighting.} Be7 22. Rd3 Nxb4 23. Bd1 Qxf2+ {[%mdl 64] Decoy} 24. Kxf2 Nxd3+ 25. Kf3 Nxb2 26. Be2) 21... Bxb4 ({Worse is} 21... Nxb4 22. Bf1 $17) 22. Bf1 Rd8 23. Bb2 Rd2 24. Rxd2 Bxd2 25. Bg2 {[%emt 0:00:49] [#]} Qe2 26. Nc4 Nb4 27. Bf1 Qh5 {[%emt 0:00:36][%cal Ob4c2] White must now prevent ...Nc2!} 28. Nxd2 Qg5+ 29. Bg2 {[%emt 0:00:13] aiming for Ne4.} Qxd2 30. Bxg7 a5 31. Be5 Nd3 32. Bd4 (32. Bg3 {was the only defense.}) 32... e5 33. Be3 Qb2 34. Rf1 f5 35. Bd5 Kc7 36. Rd1 f4 37. Ba7 Qe2 38. Rb1 e4 39. Bc4 Qc2 40. Rf1 Ne5 41. Bd5 Kd6 42. Bg8 Nf3+ 43. Kg2 Nh4+ 44. Kh1 Qd3 45. Kg1 Qf3 {[%emt 0:00:16] Artfully played by Horvath.   Weighted Error Value: White=0.79/Black=0.01 (flawless)} 0-1

[Event "SixDays Budapest March GM-A 2023"]
[Site "Budapest"]
[Date "2023.03.28"]
[Round "7.5"]
[White "Arfan, Aditya Bagus"]
[Black "Pap, Misa"]
[Result "1/2-1/2"]
[ECO "C45"]
[WhiteElo "2374"]
[BlackElo "2403"]
[Annotator "TA"]
[PlyCount "184"]
[EventDate "2023.03.24"]
[EventType "tourn"]
[EventCountry "HUN"]
[SourceTitle "playchess.com"]
[Source "ChessBase"]
[SourceQuality "1"]
[TimeControl "5400+30"]

1. e4 e5 2. Nf3 Nc6 3. d4 exd4 4. Nxd4 Bc5 5. Nxc6 bxc6 6. Bd3 d6 7. O-O Nf6 8. h3 {[%emt 0:03:04] C45: Scotch Game.} O-O 9. Nc3 Nd7 10. Na4 Bd4 11. c3 {[%emt 0:00:59] [#]} Bf6 $146 ({Predecessor:} 11... Bb6 12. Bf4 Qf6 13. Qd2 Re8 14. Rfe1 h5 15. b4 Bb7 16. Nxb6 axb6 17. a4 Qe6 18. Be2 g6 19. Bd3 Ba6 20. Bc2 Bc4 {0-1 Andersen,H (2143)-Rabo,K SLO 15 Years Memb ICCF email 2008}) 12. f4 Re8 13. Be3 Nb6 14. Qc2 g6 15. Rad1 Bd7 16. e5 Nd5 17. Bc1 dxe5 18. fxe5 Bxe5 (18... Rxe5 {looks sharper.} 19. c4 Nb4 20. Qf2 Nxd3 21. Qxf6 Bf5) 19. Qf2 {[%emt 0:03:54] Prevents Bg3} Qf6 20. Qxf6 (20. Nc5 {feels hotter.} Bc8 21. Rfe1 Bh2+ 22. Kf1) 20... Bxf6 21. c4 Bd4+ 22. Kh1 $132 {[%emt 0:00:05][%mdl 2048] White is fighting back} Ne3 23. Bxe3 Bxe3 24. Bxg6 $1 {[%emt 0:00:18][%mdl 64] Discovered Attack} Be6 25. Be4 Bxc4 {[%emt 0:01:15] A strong pair of Bishops.} 26. Bxc6 Bxf1 27. Rxf1 Rad8 28. Bxe8 Rxe8 $11 {[%emt 0:00:06][%mdl 4096] Endgame KRB-KRN} 29. Re1 Kf8 30. g4 Bd4 31. Rc1 Re3 32. Rxc7 Rxh3+ 33. Kg2 Re3 34. Rc4 Be5 35. Nc3 Rg3+ (35... Rd3 $5 ) 36. Kf2 Rh3 37. Nd1 Kg7 38. Ne3 Rh2+ 39. Kf3 Rxb2 40. Ra4 Rb7 41. Ra6 f6 42. Nc4 Bb8 43. Ne3 Kg6 44. Nc4 Rd7 45. Ne3 Rd4 46. Ra5 Rf4+ 47. Ke2 Rd4 48. Kf3 Rd7 49. Nd5 Be5 50. Nf4+ Kf7 51. Nd5 Rb7 52. Ne3 Kg6 53. Nc4 Bc3 54. Ra6 Rc7 55. Nd6 Be5 56. Ne4 {[%emt 0:00:14] Wards off Rc3+} h6 57. Ra5 Rd7 58. Ke3 (58. Nf2 $15) 58... Bd4+ 59. Kf4 Bb6 60. Ra3 Bd4 ({Better is} 60... Rd1 $17 {Hoping for ...Bd4.} 61. Nc3 Rf1+ 62. Kg3 f5 63. gxf5+ Rxf5) 61. Ng3 $2 {[%emt 0:00:34] [#]} (61. Ra5 $1 $11 {and White is okay.}) 61... Bc5 (61... Bb2 $1 $19 {[%cal Rb2a3] and Black stays clearly on top.} 62. Rb3 Be5+ 63. Kf3 Rd2) 62. Ra5 Rd4+ 63. Kf3 Rd3+ 64. Kg2 Bb6 65. Ra4 {[%emt 0:00:05] [#]} (65. Rb5 $142) 65... Rd2+ $1 $19 66. Kh3 Rd3 (66... Rc2 $19 {White must now prevent ...Bc7.} 67. Nf5 Bc7 68. Nh4+ Kf7) 67. Kg2 $17 Rd4 {[%emt 0:00:44] Prevents Ne4.} ({Black should play} 67... Rd7 $17 68. Kf1 Rd4 69. Rxd4 Bxd4) 68. Rxd4 $15 Bxd4 {[%emt 0:00:01] KB-KN} 69. Kf3 Be5 70. Nh5 $2 (70. Nf5 $15) 70... f5 $19 {[%emt 0:00:25] ( -> ...Kg5)} 71. Nf4+ Kg5 72. Ne6+ Kf6 73. Nc5 Bd4 74. Nd3 Kg5 $2 (74... fxg4+ $19 75. Kxg4 Be3) 75. gxf5 $11 {[%emt 0:00:15] The position is equal.} Kxf5 {[%emt 0:00:01] Strongly threatening ...Bc3.} 76. Nb4 $1 Bc5 77. Nc6 $1 a6 {[%cal Ba7a6,Ba6a5][%mdl 32] aiming for ...Bd6.} 78. Nb8 $1 a5 79. a4 $1 h5 80. Nc6 Bb6 81. Kg3 Kg5 82. Kh3 Bc7 83. Nxa5 {[%emt 0:00:32][%mdl 64] Deflection} Bxa5 {[%emt 0:00:05] KB-KP} 84. Kg3 h4+ 85. Kh3 Kh5 86. Kg2 Kg4 87. Kh2 h3 88. Kg1 Kg3 89. Kh1 Bc7 90. a5 Bxa5 91. Kg1 h2+ 92. Kh1 Kh3 {[%emt 0:00:05] Whites escaped into a draw.   Weighted Error Value: White=0.07 (flawless) /Black=0.07 (flawless)} 1/2-1/2